 Dungeon Crawl Stone Soup version 0.31-a0-473-g61b50ae490 (webtiles) character file.

Game seed: 14791179508651819060

23938 Crownlay the Thaumaturge (level 12, 0/81 HPs)
             Began as a White Draconian Conjurer on Aug 5, 2023.
             Was an Initiate of Gozag.
             Slain by a skyshark (8 damage)
             ... on level 2 of the Lair of Beasts on Aug 6, 2023.
             The game lasted 00:47:02 (18252 turns).

Crownlay the Thaumaturge (DrCj)                    Turns: 18252, Time: 00:47:02

Health: 0/81       AC: 12    Str: 17    XL:     12   Next: 76%
Magic:  20/34      EV: 12    Int: 29    God:    Gozag
Gold:   3968       SH:  0    Dex: 15    Spells: 27/35 levels left

rFire   . . .        G - +6 Majin-Bo {spellvamp, MP+6 Int+6}
rCold   + . .        (no shield)
rNeg    . . .        (body armour unavailable)
rPois   .            (helmet restricted)
rElec   .            H - +2 cloak
rCorr   .            D - +0 pair of gloves
SInv    .            (no boots)
Will    .....        K - amulet of magic regeneration
Stlth   ++           c - +6 ring of strength
HPRegen 0.33/turn    j - +6 ring of dexterity
MPRegen 0.64/turn

%: no passive effects
@: no status effects
A: breathe frost, AC +8, unfitting armour, cold resistance 1, cold-blooded
a: Breathe Frost, Renounce Religion, Potion Petition, Call Merchant, Bribe
Branch


You were on level 2 of the Lair of Beasts.
You worshipped Gozag.
Gozag was most pleased with you.
You visited 3 branches of the dungeon, and saw 13 of its levels.
You also visited: Ossuary.

You collected 4825 gold pieces.
You spent 814 gold pieces at shops.
You paid 43 gold pieces to Gozag.

Inventory:

Hand Weapons
 G - the +6 Majin-Bo (weapon) {spellvamp, MP+6 Int+6}
   (You acquired it on level 2 of the Lair of Beasts)

   Int:       It affects your intelligence (+6).
   MP:        It affects your magic capacity (+6).
Missiles
 r - 6 throwing nets
Armour
 D - a +0 pair of gloves (worn)
 H - a +2 cloak (worn)
Jewellery
 c - a +6 ring of strength (left hand)
 i - a ring of resist corrosion
 j - a +6 ring of dexterity (right hand)
 E - a ring of protection from fire
 K - an amulet of magic regeneration (around neck)
Talismans
 B - a blade talisman
Wands
 o - a wand of polymorph (2)
 q - a wand of paralysis (21)
Scrolls
 b - a scroll of immolation
 d - 5 scrolls of enchant weapon
 e - 5 scrolls of teleportation
 g - 3 scrolls of fog
 l - a scroll of amnesia
 n - a scroll of butterflies
 t - 3 scrolls of enchant armour
 y - a scroll of noise
 A - a scroll of brand weapon
 F - 2 scrolls of vulnerability
 I - a scroll of blinking {unknown}
 M - 2 scrolls of fear
Potions
 a - 2 potions of magic
 f - 10 potions of curing
 k - 5 potions of heal wounds
 m - 5 potions of lignification
 p - a potion of mutation
 s - a potion of haste
 u - 3 potions of might
 v - a potion of brilliance
 w - a potion of ambrosia
 x - a potion of resistance
 z - 3 potions of enlightenment
 C - 3 potions of attraction
 J - a potion of invisibility {unknown}
 L - 2 potions of berserk rage {unknown}
 N - a potion of cancellation {unknown}


   Skills:
 - Level 1.7 Dodging
 - Level 1.7 Stealth
 - Level 12.0 Spellcasting
 + Level 10.4 Conjurations
 + Level 8.2 Necromancy
 - Level 10.0 Ice Magic
 + Level 9.2 Earth Magic


You had 27 spell levels left.
You knew the following spells:

 Your Spells              Type           Power      Damage    Failure   Level
a - Magic Dart            Conj           100%       1d8       1%          1
b - Searing Ray           Conj           100%       2d8       1%          2
c - Borgnjor's Vile Clut  Necr/Erth      31%        N/A       2%          5

Your spell library contained the following spells:

 Spells                   Type           Power      Damage    Failure   Level
 Cigotuvi's Dreadful Rot  Necr/Pois/Air  66%        N/A       1%          2
 Sublimation of Blood     Necr           60%        N/A       1%          2
 Dazzling Flash           Conj/Hex       94%        N/A       1%          3
 Stone Arrow              Conj/Erth      100%       3d13      1%          3
 Dispel Undead            Necr           60%        3d21      1%          4
 Sting                    Tmut/Pois      68%        1d6       3%          1
 Summon Small Mammal      Summ           68%        N/A       3%          1
 Fulminant Prism          Conj/Hex       23%        3d12      3%          4
 Iskenderun's Mystic Bla  Conj/Tloc      47%        2d10      3%          4
 Poisonous Vapours        Pois/Air       34%        N/A       4%          2
 Wereblood                Tmut           17%        N/A       4%          2
 Leda's Liquefaction      Hex/Erth       22%        N/A       4%          4
 Call Canine Familiar     Summ           17%        N/A       9%          3
 Inner Flame              Hex/Fire       17%        N/A       9%          3
 Portal Projectile        Hex/Tloc       34%        N/A       9%          3
 Summon Guardian Golem    Hex/Summ       17%        N/A       9%          3
 Tukima's Dance           Hex            17%        N/A       9%          3
 Death Channel            Necr           30%        N/A       16%         6
 Manifold Assault         Tloc           17%        N/A       30%         4
 Olgreb's Toxic Radiance  Pois           17%        N/A       30%         4
 Passage of Golubria      Tloc           17%        N/A       30%         4
 Conjure Ball Lightning   Conj/Air       23%        3x3d6     50%         6
 Silence                  Hex/Air        8%         N/A       63%         5
 Yara's Violent Unravell  Hex/Tmut       8%         3d5       63%         5
 Lehudib's Crystal Spear  Conj/Erth      32%        10d8      98%         8
 Dispersal                Tloc           8%         N/A       99%         6
 Enfeeble                 Hex            8%         N/A       100%        7
 Summon Hydra             Summ           8%         N/A       100%        7
 Discord                  Hex            8%         N/A       100%        8
 Disjunction              Tloc           8%         N/A       100%        8
 Ignition                 Fire           8%         3d5       100%        8
 Animate Dead             Necr           Unusable   N/A       N/A         4
 Animate Armour           Summ/Erth      Unusable   N/A       N/A         4

Dungeon Overview and Level Annotations

Branches:
Dungeon (10/15)            Temple (1/1) D:4            Lair (2/5) D:8
Ossuary (visited)
  Swamp: Lair:2-3    Shoals: Lair:2-3     Snake: Lair:2-3    Spider: Lair:2-3
    Orc: D:9-12

Altars:
Ashenzari
Cheibriados
Dithmenos
Elyvilon
Fedhas
Gozag
Hepliaklqana
Kikubaaqudgha
Makhleb
Nemelex Xobeh
Okawaru
Qazlal
Ru
Sif Muna
Trog
Uskayaw
Vehumet
Wu Jian
Xom
Yredelemnul
Zin
The Shining One

Shops:
D:3 (!?[   D:9 *

Portals:
Abyss: D:5

Annotations:
Lair:2 2 transporters, Ifehamp's ghost, journeyman TrFi


Innate Abilities, Weirdness & Mutations

You can breathe waves of freezing cold which knock back foes.
Your icy white scales are hard. (AC +8)
You cannot fit into any form of body armour.
Your flesh is cold resistant. (rC+)
You are cold-blooded and may be slowed by cold attacks.


Message History

The searing ray hits the skyshark!
You feel better.
The skyshark is moderately wounded. (Press . to maintain the ray.)
The zombie hands constrict the skyshark.
The skyshark bites you.
The skyshark enters a blood-rage!
The skyshark tail-slaps you but does no damage.
The skyshark barely misses you.
The searing ray hits the skyshark but does no damage.
The skyshark is moderately wounded.
The zombie hands constrict the skyshark.
The skyshark bites you. The skyshark barely misses you.
The skyshark tail-slaps you.
The searing ray hits the skyshark.
You feel better.
The skyshark is moderately wounded.
The zombie hands constrict the skyshark.
The zombie hands release their grip on the skyshark.
The skyshark misses you.
The skyshark tail-slaps you but does no damage.
The skyshark closely misses you. The skyshark bites you!
The skyshark misses you. The skyshark closely misses you.
The searing ray hits the skyshark.
You feel better.
The skyshark is heavily wounded.
You finish channelling your searing ray.
The skyshark closely misses you. The skyshark tail-slaps you!
The skyshark closely misses you.
Casting: Searing Ray (safe; 1% risk of failure)
Confirm with . or Enter, or press ? or * to list all spells.
Aiming: Searing Ray (safe; 1% risk of failure)
Press: ? - help, Shift-Dir - straight line, f/p - skyshark
Aim: a skyshark (heavily wounded, berserk, 87% to hit)
The searing ray hits the skyshark.
You feel better.
The skyshark is heavily wounded. (Press . to maintain the ray.)
The skyshark closely misses you. The skyshark misses you.
The skyshark closely misses you. The skyshark bites you!!
* * * LOW HITPOINT WARNING * * *
The skyshark tail-slaps you but does no damage.
The skyshark tail-slaps you!
You die...
Your body crumbles into a pile of gold.

##### ### #######
#######P#.###.###.##P#.
##......................
#.......................
#.P.P.................)
..#.#P@................
#....l.................
#.P.........#..#P....P#
#......................
#.....#.##P.........###
#P.......P #........#.##
.......... ............
#...##. .#. ## #....#.P
>.......


You could see a skyshark (berserk).

Vanquished Creatures
  A hydra (Lair:2)
  Harold (D:9)
  2 two-headed ogres
  Urug (D:8)
  Sonja (D:10)
  Pikel (D:9)
  5 elephants
  Joseph (D:7)
  A black mamba (Lair:2)
  Maggie (D:7)
  5 cane toads
  2 rime drakes
  10 komodo dragons
  3 trolls
  The ghost of Sapher the Cleaver, an amateur HOWr (D:6)
  The ghost of Dirtsage the Ruffian, an amateur DrSh (D:5)
  A polar bear (Lair:1)
  30 yaks
  A steam dragon (D:8)
  5 wyverns
  A small abomination (D:5)
  An acid dragon (D:10)
  16 water moccasins
  3 orc warriors (D:8)
  A black bear (Lair:1)
  4 sky beasts
  3 ogres (D:6)
  6 wolves (Lair:1)
  2 lemures (D:9)
  3 centaurs
  2 kobold brigands
  2 bullfrogs (Lair:1)
  A gnoll sergeant (D:6)
  A scorpion (D:6)
  4 water moccasin zombies (Ossuary)
  21 killer bees
  5 howler monkeys
  A jelly (D:7)
  4 quasits
  8 hounds
  2 gnoll boudas (D:6)
  8 orc priests
  An iguana (D:6)
  9 orc wizards
  2 mummies (Ossuary)
  12 gnolls
  7 adders
  3 white imps
  An ufetubus (D:4)
  3 adder zombies (Ossuary)
  3 worms
  2 dart slugs
  45 orcs
  7 ball pythons
  7 bats
  7 endoplasms
  2 giant cockroaches (D:1)
  11 goblins
  11 hobgoblins
  7 jackals
  15 kobolds
  7 quokkas
  7 frilled lizards
  5 gnoll zombies (Ossuary)
  2 hobgoblin zombies (Ossuary)
  7 kobold zombies (Ossuary)
  5 orc zombies (Ossuary)
  4 rats
365 creatures vanquished.

Notes
Turn   | Place    | Note
-------+----------+-------------------------------------------
     0 | D:1      | Crownlay the Draconian Conjurer began the quest for the
                  | Orb.
     0 | D:1      | Reached XP level 1. HP: 14/14 MP: 3/3
   326 | D:1      | Reached XP level 2. HP: 20/20 MP: 1/5
   329 | D:1      | Learned a level 2 spell: Searing Ray
  1061 | D:1      | Reached XP level 3. HP: 26/26 MP: 4/7
  1122 | D:2      | Reached skill level 3 in Spellcasting
  2156 | D:2      | Reached XP level 4. HP: 33/33 MP: 5/8
  2312 | D:3      | Found Beog's Antique Armour Shop.
  2616 | D:3      | Found Ypoike's Magic Scroll Shoppe.
  2619 | D:3      | Found Gekainoc's Distillery.
  2651 | D:3      | Bought a scroll of butterflies for 40 gold pieces
  2651 | D:3      | Bought a scroll of fog for 40 gold pieces
  2652 | D:3      | Found Mulutit's Antique Weapon Shop.
  2693 | D:3      | Identified the +6 sling of the Throat {drain, rElec rC+
                  | Will+}
  2749 | D:3      | Reached skill level 1 in Necromancy
  2749 | D:3      | Reached skill level 1 in Earth Magic
  2757 | D:3      | Reached XP level 5. HP: 25/38 MP: 5/10
  3040 | D:4      | Found a bloodstained altar of Trog.
  3107 | D:4      | Reached skill level 4 in Spellcasting
  3275 | D:4      | Reached XP level 6. HP: 45/45 MP: 12/12
  3391 | D:4      | Reached skill level 5 in Conjurations
  3880 | D:4      | Found a staircase to the Ecumenical Temple.
  3890 | Temple   | Entered the Ecumenical Temple
  3907 | Temple   | Became a worshipper of Gozag Ym Sagoz the Greedy
  3994 | D:4      | Found a hide-covered altar of Uskayaw.
  4172 | D:5      | Entered Level 5 of the Dungeon
  4342 | D:5      | Found a transporter.
  4345 | D:5      | Noticed a small abomination
  4368 | D:5      | Noticed a troll
  4377 | D:5      | Killed a troll
  4378 | D:5      | Reached skill level 5 in Spellcasting
  4378 | D:5      | Your scales start taking on an icy white colour.
  4378 | D:5      | Reached XP level 7. HP: 50/50 MP: 4/14
  4378 | D:5      | Gained mutation: Your flesh is cold resistant. (rC+) [White
                  | Draconian growth]
  4446 | D:5      | Found a stormy altar of Qazlal.
  4554 | D:5      | Found an ornate altar of the Wu Jian Council.
  4554 | D:5      | Found an ancient bone altar of Kikubaaqudgha.
  4581 | D:5      | Found a shimmering altar of Xom.
  4583 | D:5      | Found a broken altar of Ashenzari.
  4910 | D:5      | Found a transporter.
  4924 | D:5      | Found a one-way gate to the infinite horrors of the Abyss.
  4924 | D:5      | Noticed Dirtsage's ghost (amateur DrSh)
  4950 | D:5      | Found a glowing golden altar of the Shining One.
  5119 | D:5      | Reached skill level 1 in Ice Magic
  5786 | D:6      | Reached XP level 8. HP: 57/57 MP: 12/16
  5801 | D:6      | Reached skill level 6 in Spellcasting
  5929 | D:6      | Found a transporter.
  5930 | D:6      | Noticed Sapher's ghost (amateur HOWr)
  5944 | D:6      | Found a transporter.
  7200 | D:6      | Reached skill level 7 in Spellcasting
  7342 | D:3      | Bought a potion of brilliance for 44 gold pieces
  7342 | D:3      | Bought a potion of ambrosia for 88 gold pieces
  7342 | D:3      | Bought a potion of heal wounds for 55 gold pieces
  7342 | D:3      | Bought a potion of might for 44 gold pieces
  7342 | D:3      | Bought a potion of resistance for 110 gold pieces
  7342 | D:3      | Bought a potion of curing for 33 gold pieces
  7348 | D:3      | Bought a scroll of revelation for 75 gold pieces
  7348 | D:3      | Bought a scroll of identify for 20 gold pieces
  7348 | D:3      | Bought a scroll of teleportation for 30 gold pieces
  7348 | D:3      | Bought a scroll of teleportation for 30 gold pieces
  7348 | D:3      | Bought a scroll of identify for 20 gold pieces
  7348 | D:3      | Bought a scroll of identify for 20 gold pieces
  7373 | D:4      | Upgraded the game from 0.31-a0-466-g98c9adc2b6 to
                  | 0.31-a0-473-g61b50ae490
  7588 | D:7      | Reached XP level 9. HP: 62/62 MP: 19/19
  7591 | D:7      | Found a sand-covered staircase.
  7602 | Ossuary  | Entered an ossuary
  8383 | D:7      | Noticed Joseph
  8396 | D:7      | Killed Joseph
  8397 | D:7      | Reached skill level 5 in Necromancy
  8660 | D:7      | Reached skill level 5 in Earth Magic
  8805 | D:7      | Noticed Maggie
  8817 | D:7      | Killed Maggie
  8818 | D:7      | Reached skill level 8 in Spellcasting
  8818 | D:7      | Reached skill level 5 in Ice Magic
  9752 | D:8      | Reached XP level 10. HP: 69/69 MP: 16/22
 10407 | D:8      | Reached skill level 9 in Spellcasting
 10731 | D:8      | Found a staircase to the Lair.
 11354 | D:9      | Noticed Pikel
 11371 | D:9      | Killed Pikel
 11457 | D:9      | Found Hiywomeoru's Neck Hole.
 11466 | D:9      | Bought a +2 cloak for 165 gold pieces
 11736 | D:9      | Learned a level 5 spell: Borgnjor's Vile Clutch
 11740 | D:9      | Noticed a two-headed ogre
 11749 | D:9      | Killed a two-headed ogre
 11909 | D:9      | Noticed Harold
 11919 | D:9      | Killed Harold
 11920 | D:9      | Reached skill level 10 in Spellcasting
 11920 | D:9      | Reached XP level 11. HP: 55/74 MP: 7/25
 12732 | D:10     | Entered Level 10 of the Dungeon
 12739 | D:10     | Noticed a two-headed ogre
 12750 | D:10     | Killed a two-headed ogre
 12978 | D:10     | Found a glowing silver altar of Zin.
 13323 | D:10     | Noticed Sonja
 13328 | D:10     | Killed Sonja
 14290 | Lair:1   | Entered Level 1 of the Lair of Beasts
 14290 | Lair:1   | Noticed Urug
 14659 | D:5      | Killed Dirtsage's ghost
 15019 | D:6      | Killed Sapher's ghost
 15249 | D:8      | Reached skill level 11 in Spellcasting
 15454 | D:8      | Killed Urug
 15883 | Lair:1   | Reached XP level 12. HP: 81/81 MP: 20/27
 17215 | Lair:2   | Found a transporter.
 17246 | Lair:2   | Identified 3 scrolls of acquirement
 17247 | Lair:2   | Acquired 515 gold pieces
 17249 | Lair:2   | Acquired 978 gold pieces
 17251 | Lair:2   | Acquired the +6 Majin-Bo {spellvamp, MP+6 Int+6}
 17251 | Lair:2   | Found the +6 Majin-Bo {spellvamp, MP+6 Int+6}
 17338 | Lair:2   | Reached skill level 10 in Conjurations
 17430 | Lair:2   | Noticed a seven-headed hydra
 17633 | Lair:2   | Found a transporter.
 17633 | Lair:2   | Noticed Ifehamp's ghost (journeyman TrFi)
 17634 | Lair:2   | Noticed a four-headed hydra
 17635 | Lair:2   | Noticed a catoblepas
 17649 | Lair:2   | Reached skill level 12 in Spellcasting
 17657 | Lair:2   | Killed a seven-headed hydra
 17832 | Lair:2   | Reached skill level 10 in Ice Magic
 18252 | Lair:2   | Slain by a skyshark

Illustrated notes

Levels and vault maps discovered:
D:1:      lordsloth_arrival_two_stooges, layout_loops_ring,
          hangedman_decor_growths
D:2:      layout_loops_ring, grunt_ministairs_5
D:3:      layout_rooms, serial_shops, nicolae_diamond_shop, shop, shop,
          nicolae_shop_overgrown_old_shop, hex_tiny,
          chequers_serial_rivers_marsh
D:4:      layout_basic, nicolae_uskayaw_suspiria, kennysheep_little_box,
          temple_hall
D:5:      layout_layer_cave, nicolae_overflow_macrodata_refinement,
          mainiacjoe_overflow_six_doors_small, mainiacjoe_overflow_catwalk,
          gammafunk_ghost_abyssal_escape
D:6:      kennysheep_housing_project, layout_cave_pools,
          gammafunk_ghost_stat_death, minmay_ogre_servants
D:7:      layout_basic, nicolae_ossuary_entry_monument, serial_glass,
          glass_columns_b, glass_columns_c, uniq_maggie, uniq_joseph
D:8:      layout_basic, minmay_lair_entry_grove, special_room [special_room_orc]
D:9:      layout_loops_corners, nicolae_shop_sticking_my_neck_out, uniq_pikel,
          uniq_harold
D:10:     layout_loops_corners, lemuel_crystal_altar, library_closet, uniq_sonja
Temple:   cyrus_circular_temple
Lair:1:   layout_gridlike, uniq_urug
Lair:2:   layout_long_grid, palyth_hydra_swamp_entry, gammafunk_ghost_arena

Skill      XL: |  1  2  3  4  5  6  7  8  9 10 11 12 |
---------------+-------------------------------------+-----
Spellcasting   | 3 4 5 7 8 10 11 12 | 12.0
Necromancy     | 1 2 3 4 5 6 8 |  8.2
Earth Magic    | 1 2 3 4 5 7 8 9 |  9.2
Conjurations   | 5 6 7 8 9 10 | 10.4
Ice Magic      | 2 3 5 7 8 10 | 10.0
Dodging        | |  1.7
Stealth        | |  1.7

Action                     |  1- 3 |  4- 6 |  7- 9 | 10-12 || total
---------------------------+-------+-------+-------+-------++-------
  Melee: Unarmed           |    11 |     6 |       |       ||    17
         Tailslap          |     5 |     3 |       |       ||     8
   Fire: Sling             |       |    73 |   152 |   142 ||   367
   Cast: Magic Dart        |    84 |    27 |     8 |    11 ||   130
         Searing Ray       |     1 |    11 |    72 |   127 ||   211
         Borgnjor's Vile C |       |       |       |    69 ||    69
Ability: Breathe Frost     |       |       |     1 |     1 ||     2
  Evoke: Wand              |       |       |       |     9 ||     9
    Use: Scroll            |       |     5 |    11 |     9 ||    25
         Potion            |       |       |       |     2 ||     2
 Armour: Skin              |     8 |    19 |    93 |   136 ||   256
  Dodge: Dodged            |    16 |    18 |   129 |   247 ||   410

Table legend: (Time is in decaauts)
 A = Elapsed time spent in this place.
 B = Non-inter-level travel time spent in this place.
 C = Inter-level travel time spent in this place.
 D = Time resting spent in this place.
 E = Time spent auto-exploring this place.
 F = Levels seen in this place.
 G = Mean time per level.
                   A        B        C        D        E       F      G
               +--------+--------+--------+--------+--------+-----+--------+
         Total |  18419 |  17284 |   1135 |    565 |  13804 |  14 | 1315.6 |
       Dungeon |  15123 |  14029 |   1094 |     10 |  11942 |  10 | 1512.3 |
        Temple |     32 |     18 |     14 |      0 |      0 |   1 |   32.0 |
          Lair |   2778 |   2752 |     26 |    266 |   1841 |   2 | 1389.0 |
       Ossuary |    485 |    485 |      0 |    289 |     21 |   1 |  485.0 |
               +--------+--------+--------+--------+--------+-----+--------+

Top non-repeatable levels by time:
     D:8: 2360 daAuts
     D:6: 1948 daAuts
     D:5: 1917 daAuts
  Lair:1: 1824 daAuts
     D:7: 1650 daAuts
    D:10: 1537 daAuts
     D:9: 1450 daAuts
     D:4: 1238 daAuts
     D:2: 1207 daAuts
     D:1: 1101 daAuts
  Lair:2: 953 daAuts
     D:3: 711 daAuts
 Ossuary: 485 daAuts
  Temple: 32 daAuts
